 Dungeon Crawl Stone Soup version 0.30-a0-365-ge7f957f1db (webtiles) character file.

Game seed: 1030658808062890994

753 qeuew the Poker (level 7, -7/48 HPs)
             Began as a Merfolk Gladiator on Nov 17, 2022.
             Was a Follower of Hepliaklqana.
             Mangled by an orc
             ... wielding a +0 flail
              (8 damage)
             ... on level 6 of the Dungeon.
             The game lasted 00:06:30 (4849 turns).

qeuew the Poker (Merfolk Gladiator)                 Turns: 4849, Time: 00:06:31

Health: -7/48      AC:  6    Str: 23    XL:     7   Next: 78%
Magic:  7/7        EV: 13    Int: 12    God:    Hepliaklqana [*.....]
Gold:   309        SH:  0    Dex: 13    Spells: 6/6 levels left

rFire   + . .      SeeInvis .    a - +1 trident
rCold   . . .      Faith    .    (no shield)
rNeg    . . .      Spirit   .    r - +0 ring mail
rPois   .          Reflect  +    (helmet restricted)
rElec   .          Harm     .    (no cloak)
rCorr   .          Rampage  .    (no gloves)
Will    +....                    q - +0 pair of boots of the Hanged Man {Str+7 Int+5 Dex-3}
Stlth   ..........               b - amulet of reflection
HPRegen 0.28/turn                i - ring of willpower
MPRegen 0.10/turn                (no ring)

@: confused, mighty, ambrosia-drunk
A: reduced essence, (nimble swimmer 2), mertail, antennae 1, fangs 1, fire
resistance 1, screaming 1
a: Renounce Religion, Recall Ancestor, Ancestor Identity


You were on level 6 of the Dungeon.
You worshipped Hepliaklqana.
Hepliaklqana was aware of your devotion.
You visited 2 branches of the dungeon, and saw 7 of its levels.

You collected 309 gold pieces.

Inventory:

Hand Weapons
 a - a +1 trident (weapon)
Missiles
 d - 4 throwing nets (quivered)
 e - a javelin
Armour
 q - the +0 pair of boots of the Hanged Man (worn) {Str+7 Int+5 Dex-3}
   (You found it on level 4 of the Dungeon)

   Str:       It affects your strength (+7).
   Int:       It affects your intelligence (+5).
   Dex:       It affects your dexterity (-3).
 r - a +0 ring mail (worn)
Jewellery
 b - an amulet of reflection (around neck)
 i - a ring of willpower (left hand)
Wands
 j - a wand of mindburst (15)
Scrolls
 c - a scroll of magic mapping
 g - 3 scrolls of enchant armour
 n - 3 scrolls of fear
 p - a scroll of teleportation
Potions
 k - a potion of resistance
 l - 2 potions of cancellation
 o - a potion of curing
 t - 2 potions of might


   Skills:
 + Level 4.3 Fighting
 + Level 6.6 Polearms
 + Level 3.8 Throwing
 + Level 2.3 Armour
 + Level 5.9 Dodging
 + Level 2.2 Evocations


You had 6 spell levels left.
You didn't know any spells.
Your spell library contained the following spells:

 Spells                   Type           Power      Damage    Failure   Level
 Sting                    Tmut/Pois      0%         1d3       45%         1
 Poisonous Vapours        Pois/Air       0%         N/A       61%         2
 Ignite Poison            Fire/Tmut/Pois 0%         N/A       83%         3
 Kindle Blastsparks       Fire/Tloc/Air  0%         2d10      83%         3
 Olgreb's Toxic Radiance  Pois           0%         N/A       99%         4
 Freezing Cloud           Conj/Ice/Air   0%         6-21      100%        5


Dungeon Overview and Level Annotations

Branches:
Dungeon (6/15)             Temple (1/1) D:4

Altars:
Cheibriados
Elyvilon
Gozag
Hepliaklqana
Nemelex Xobeh
Qazlal
Sif Muna
Uskayaw
Vehumet

Shops:
D:2 ((=   D:6 =

Annotations:
D:5 1 runed translucent door, hgbash's ghost, novice MiBe


Innate Abilities, Weirdness & Mutations

Your life essence is reduced to manifest your ancestor. (-10% HP)
((You are very nimble when in or above water. (Stealth+, EV+, Speed+++)))
Your lower body shifts to a powerful aquatic tail in water.
You have a pair of small antennae on your head.
You have very sharp teeth.
Your flesh is heat resistant. (rF+)
You occasionally shout uncontrollably at your foes.


Message History

You barely miss the orc priest.
The orc priest is heavily wounded.
The black bear bites you but does no damage.
The black bear claws you but does no damage.
The black bear closely misses you.
The orc priest hits you but does no damage.
The orc hits you with a +0 flail!
* * * LOW HITPOINT WARNING * * *
The orc hits you but does no damage.
Unknown command.
You are confused.
You feel invigorated.
The black bear bites you but does no damage.
The black bear claws you but does no damage.
The black bear barely misses you. The orc priest barely misses you.
An orc comes into view. It is wielding a +0 hand axe.
The orc hits you with a +0 flail.
* * * LOW HITPOINT WARNING * * *
The orc hits you but does no damage.
You feel very mighty all of a sudden. The black bear bites you.
* * * LOW HITPOINT WARNING * * *
The black bear claws you.
* * * LOW HITPOINT WARNING * * *
The black bear barely misses you.
The orc priest hits you but does no damage.
The orc barely misses you. The orc hits you with a +0 mace.
* * * LOW HITPOINT WARNING * * *
You hit the orc priest.
The orc priest is almost dead.
The black bear bites you but does no damage.
The black bear claws you.
* * * LOW HITPOINT WARNING * * *
The black bear claws you.
* * * LOW HITPOINT WARNING * * *
The orc priest calls down the wrath of Beogh upon you.
You resist with some effort. The orc hits you with a +0 mace.
* * * LOW HITPOINT WARNING * * *
The orc hits you with a +0 flail!
You die...

.. .## . .. ....# ##.
.##...# .... ......##
....###......# .
#......#....##
..##.....##....#
.###.....#........#
...##....##....@h##
.##...........#ooo).....
.......##....##.o#....∩
##.....##..#.....# ....
##...............## ###
#..........##..#.#
#..........##..###
........#....[.#
........#####.....


You could see a black bear, an orc priest and 3 orcs.

Vanquished Creatures
  2 necrophages (D:4)
  3 scorpions
  A hound (D:6)
  An orc priest (D:6)
  Natasha (thrice) (D:3)
  Ijyb (D:2)
  Terence (D:2)
  A gnoll (D:6)
  6 adders
  An ufetubus (D:4)
  A worm (D:2)
  5 dart slugs
  5 orcs
  6 endoplasms
  4 giant cockroaches
  10 goblins
  6 hobgoblins (D:2)
  2 jackals (D:4)
  3 kobolds
  3 quokkas
  5 ball pythons
  6 bats
  3 frilled lizards
  7 rats
86 creatures vanquished.

Vanquished Creatures (collateral kills)
  A jelly (D:6)
  A hound (D:4)
  3 gnolls
  An adder (D:5)
  A worm (D:4)
  A dart slug (D:4)
  An orc (D:5)
  2 jackals (D:4)
11 creatures vanquished.

Vanquished Creatures (others)
  An ancestor (D:6)
1 creature vanquished.

Grand Total: 98 creatures vanquished

Notes
Turn   | Place    | Note
-------+----------+-------------------------------------------
     0 | D:1      | qeuew the Merfolk Gladiator began the quest for the Orb.
     0 | D:1      | Reached XP level 1. HP: 16/16 MP: 1/1
   313 | D:1      | Reached XP level 2. HP: 17/23 MP: 2/2
   521 | D:1      | Found a faded altar of an unknown god.
   909 | D:1      | Gained mutation: Your flesh is heat resistant. (rF+)
                  | [potion of mutation]
   909 | D:1      | Gained mutation: You occasionally shout uncontrollably at
                  | your foes. [potion of mutation]
   909 | D:1      | Gained mutation: You have a pair of small antennae on your
                  | head. [potion of mutation]
   909 | D:1      | Gained mutation: You have very sharp teeth. [potion of
                  | mutation]
   950 | D:2      | Reached XP level 3. HP: 25/28 MP: 3/3
   993 | D:2      | Found Zourutsia's Antique Weapon Shop.
  1055 | D:2      | Found Xoiwof's Jewellery Shoppe.
  1675 | D:2      | Found Emucor Fyih's Antique Weapon Boutique.
  1777 | D:3      | Noticed Terence
  1777 | D:3      | Noticed Ijyb
  1787 | D:2      | Killed Ijyb
  1788 | D:2      | Reached skill level 5 in Polearms
  1788 | D:2      | Reached XP level 4. HP: 18/34 MP: 4/4
  1808 | D:2      | Killed Terence
  1809 | D:2      | Reached skill level 1 in Armour
  1813 | D:2      | HP: 1/34 [goblin/+0 club (2)]
  2059 | D:3      | Noticed Natasha
  2067 | D:3      | Killed Natasha
  2068 | D:3      | Reached XP level 5. HP: 36/41 MP: 5/5
  2249 | D:3      | Noticed Natasha
  2254 | D:3      | Killed Natasha
  2442 | D:3      | Noticed Natasha
  2447 | D:3      | Killed Natasha
  2448 | D:3      | Reached skill level 5 in Dodging
  2531 | D:4      | Reached XP level 6. HP: 47/47 MP: 6/6
  2553 | D:4      | Reached skill level 1 in Evocations
  2696 | D:4      | Found a staircase to the Ecumenical Temple.
  2715 | Temple   | Entered the Ecumenical Temple
  2769 | Temple   | Became a worshipper of Hepliaklqana the Forgotten
  2926 | D:4      | Reached skill level 6 in Polearms
  3077 | D:4      | Identified the +0 pair of boots of the Hanged Man {Str+7
                  | Int+5 Dex-3}
  3235 | D:4      | Found an opulent altar of Gozag.
  3537 | D:4      | Reached * piety under Hepliaklqana
  3666 | D:4      | HP: 1/41 [necrophage (2)]
  3670 | D:4      | Reached XP level 7. HP: 4/47 MP: 7/7
  4263 | D:5      | Entered Level 5 of the Dungeon
  4734 | D:5      | Found a runed translucent door.
  4734 | D:5      | Noticed hgbash's ghost (novice MiBe)
  4825 | D:6      | Found Pemu's Jewellery Shoppe.
  4848 | D:6      | HP: 2/48 [orc/+0 mace (5)]
  4849 | D:6      | Mangled by an orc

Illustrated notes

Levels and vault maps discovered:
D:1:      minmay_arrival_stone_box, layout_basic,
          dreamdust_ecumenical_altar_angels_and_demons, serial_forest,
          infiniplex_forest_lined_3, infiniplex_forest_lined_ring,
          infiniplex_forest_clump_long, infiniplex_forest_corner_1,
          infiniplex_forest_clump_curved, infiniplex_forest_end_double,
          infiniplex_forest_clump_long, infiniplex_forest_clump_medium,
          infiniplex_forest_straight_2
D:2:      cheibrodos_greedy_goblins, layout_basic, serial_shops,
          nicolae_shop_trees, nicolae_square_shop, shop
D:3:      layout_rooms, minmay_splitting_lines, uniq_natasha, uniq_terence,
          uniq_ijyb
D:4:      minmay_opposing_rooms, layout_layer_cave, grunt_gozag_breadcrumbs,
          minmay_temple_entry_slanted, corexii_corridor_pit
D:5:      layout_rooms, gammafunk_ghost_grave
D:6:      layout_cave_pools, kennysheep_mini, serial_gnoll_camp,
          gnoll_camp_mini_doghouse, gnoll_camp_mini_hut, gnoll_camp_mini_basic,
          gnoll_camp_mini_loothouse, gnoll_camp_mini_shop,
          hangedman_decor_points
Temple:   nicolae_temple_ecumenical_triangle

Skill      XL: |  1  2  3  4  5  6  7 |
---------------+----------------------+-----
Polearms       | 5 6 |  6.6
Armour         | 1 2 |  2.3
Fighting       | 3 4 |  4.3
Throwing       | 3 |  3.8
Dodging        | 5 |  5.9
Evocations     | 1 2 |  2.2

Action                   |  1- 3 |  4- 6 |  7- 9 || total
-------------------------+-------+-------+-------++-------
Melee: Trident           |   105 |   147 |    67 ||   319
       Bite              |     8 |    13 |     4 ||    25
       Punch             |       |     1 |     2 ||     3
Invok: Recall Ancestor   |       |       |     1 ||     1
  Use: Scroll            |     8 |     2 |     4 ||    14
       Potion            |     5 |     2 |     6 ||    13
 Stab: Sleeping          |     3 |       |       ||     3
Armor: Leather armour    |    18 |    28 |     9 ||    55
       Ring mail         |       |       |    18 ||    18
Dodge: Dodged            |    65 |    95 |    58 ||   218
Block: Other             |       |       |     2 ||     2

Table legend: (Time is in decaauts)
 A = Elapsed time spent in this place.
 B = Non-inter-level travel time spent in this place.
 C = Inter-level travel time spent in this place.
 D = Time resting spent in this place.
 E = Time spent auto-exploring this place.
 F = Levels seen in this place.
 G = Mean time per level.
                   A        B        C        D        E       F      G
               +--------+--------+--------+--------+--------+-----+--------+
         Total |   4886 |   4725 |    161 |    157 |   3809 |   7 |  698.0 |
       Dungeon |   4822 |   4669 |    153 |    157 |   3782 |   6 |  803.7 |
        Temple |     63 |     55 |      8 |      0 |     27 |   1 |   63.0 |
               +--------+--------+--------+--------+--------+-----+--------+

Top non-repeatable levels by time:
     D:4: 1682 daAuts
     D:2: 1005 daAuts
     D:1: 944 daAuts
     D:3: 592 daAuts
     D:5: 523 daAuts
     D:6: 74 daAuts
  Temple: 63 daAuts
